 Dungeon Crawl Stone Soup version 0.27-a0-1597-ge58577e147 (webtiles) character file.

Game seed: 4807673382234088422

837 edearth the Covert (level 7, -12/27 HPs)
             Began as a Felid Conjurer on July 21, 2021.
             Was a Believer of Fedhas.
             Mangled by Harold (19 damage)
             ... on level 8 of the Dungeon.
             The game lasted 00:30:59 (9044 turns).

edearth the Covert (Felid Conjurer)                 Turns: 9044, Time: 00:31:00

Health: -12/27     AC:  2    Str:  3    XL:     7   Next: 66%
Magic:  13/17      EV: 23    Int: 19    God:    Fedhas [**....]
Gold:   375        SH:  0    Dex: 18    Spells: 6/18 levels left
                                        Lives:  0   Deaths: 2

rFire    . . .     SeeInvis +   (weapon unavailable)
rCold    . . .     Faith    .   (shield unavailable)
rNeg     . . .     Spirit   .   (armour unavailable)
rPois    .         Reflect  .   (helmet unavailable)
rElec    .         Harm     .   (cloak unavailable)
rCorr    .         Rampage  .   (gloves unavailable)
Will     +....                  (boots unavailable)
Stlth    +++++.....             h - amulet of regeneration
HPRegen  1.09/turn              (no ring)
MPRegen  0.15/turn              (no ring)

@: quick
A: very small, claws 1, fangs 3, see invisible, speed 1, shaggy fur 2, stealthy
paws, no weapons or thrown items, no armour, multi-lived
a: Renounce Religion, Wall of Briars


You were on level 8 of the Dungeon.
You worshipped Fedhas.
Fedhas was pleased with you.
You visited 2 branches of the dungeon, and saw 9 of its levels.
You also visited: Sewer.

You collected 375 gold pieces.

Inventory:

Jewellery
 f - a ring of flight
 h - an amulet of regeneration (around neck)
 j - an amulet of guardian spirit
 n - a +6 ring of dexterity
Wands
 w - a wand of iceblast (4)
Scrolls
 a - 3 scrolls of amnesia {unknown}
 b - 7 scrolls of identify {unknown}
 c - 4 scrolls of teleportation {unknown}
 d - a scroll of magic mapping
 k - a scroll of vulnerability
 l - a scroll of fog {unknown}
 o - 2 scrolls of enchant weapon {unknown}
 q - a scroll of fear {unknown}
 t - a scroll of noise {unknown}
Potions
 e - 2 potions of berserk rage {unknown}
 g - a potion of attraction {unknown}
 i - a potion of haste {unknown}
 m - a potion of flight {unknown}
 p - 2 potions of mutation {unknown}
 r - a potion of cancellation {unknown}
 s - a potion of magic {unknown}
 u - a potion of lignification {unknown}
 v - a potion of curing {unknown}
 x - a potion of ambrosia {unknown}


   Skills:
 + Level 8.7 Dodging
 * Level 12.6 Stealth
 + Level 6.0 Spellcasting
 - Level 3.6 Conjurations
 + Level 7.2 Hexes


You had 6 spell levels left.
You knew the following spells:

 Your Spells              Type           Power      Damage    Failure   Level
a - Magic Dart            Conj           76%        1d6       2%          1
b - Searing Ray           Conj           38%        3d4       3%          2
c - Ensorcelled Hibernat  Hex/Ice        38%        N/A       3%          2
d - Fulminant Prism       Conj/Hex       13%        3d9       12%         4
e - Tukima's Dance        Hex            33%        N/A       1%          3

Your spell library contained the following spells:

 Spells                   Type           Power      Damage    Failure   Level
 Corona                   Hex            36%        N/A       1%          1
 Dazzling Flash           Conj/Hex       52%        N/A       3%          3
 Summon Guardian Golem    Hex/Summ       19%        N/A       8%          3
 Beastly Appendage        Tmut           10%        N/A       11%         1
 Summon Small Mammal      Summ           20%        N/A       11%         1
 Sublimation of Blood     Necr           2%         N/A       17%         2
 Wereblood                Tmut           5%         N/A       17%         2
 Leda's Liquefaction      Hex/Erth       9%         N/A       26%         4
 Call Canine Familiar     Summ           5%         N/A       32%         3
 Spider Form              Tmut/Pois      2%         N/A       32%         3
 Iskenderun's Mystic Bla  Conj/Tloc      12%        2d5       47%         4
 Animate Dead             Necr           2%         N/A       73%         4
 Summon Forest            Summ/Tloc      2%         N/A       97%         5
 Eringya's Noxious Bog    Tmut/Pois      2%         N/A       100%        6
 Haunt                    Necr/Summ      2%         N/A       100%        7
 Summon Hydra             Summ           2%         N/A       100%        7
 Infestation              Necr           2%         N/A       100%        8
 Portal Projectile        Hex/Tloc       Unusable   N/A       N/A         3

Dungeon Overview and Level Annotations

Branches:
Dungeon (8/15)             Temple (1/1) D:4           Sewer (visited)
   Lair: D:8-11

Altars:
Ashenzari
Cheibriados
Dithmenos
Elyvilon
Fedhas
Gozag
Hepliaklqana
Kikubaaqudgha
Makhleb
Nemelex Xobeh
Okawaru
Qazlal
Ru
Sif Muna
Trog
Uskayaw
Vehumet
Wu Jian
Xom
Yredelemnul
Zin
The Shining One

Shops:
D:4 (

Annotations:
D:8 Harold


Innate Abilities, Weirdness & Mutations

You have sharp claws.
You have razor-sharp teeth.
You have supernaturally acute eyesight. (SInv)
You cover ground quickly. (Speed+)
You are covered in thick fur. (AC +2)
Your paws help you pounce on unaware monsters.
You are incapable of wielding weapons or throwing items.
You cannot wear armour.
You gain extra lives every three experience levels.


Message History

Press: ? - help, Shift-Dir - straight line, f/p - Harold
Aim: Harold, wielding a +5 trident and wearing a +0 chain mail (chance to affect: 18%) Harold resists with almost no effort.
Harold hits you from afar with a +5 trident!!
Ouch! That really hurt!
You die...
You are now level 7!
You rejoin the land of the living...
No target in view!
Casting: Ensorcelled Hibernation (safe; 3% risk of failure)
Confirm with . or Enter, or press ? or * to list all spells.
Aiming: Ensorcelled Hibernation (safe; 3% risk of failure)
Press: ? - help, Shift-Dir - straight line, f/p - Harold
Aim: Harold, wielding a +5 trident and wearing a +0 chain mail (chance to affect: 18%) Harold looks drowsy...
There is an open door here.
The helpless Harold fails to defend himself.
You mangle Harold!!
Harold is heavily wounded.
Harold completely misses you.
You scratch Harold but do no damage.
Harold is heavily wounded.
Harold hits you with a +5 trident!
Casting: Ensorcelled Hibernation (safe; 3% risk of failure)
Confirm with . or Enter, or press ? or * to list all spells.
Aiming: Searing Ray (safe; 3% risk of failure)
Press: ? - help, Shift-Dir - straight line, f/p - Harold
Aim: Harold, wielding a +5 trident and wearing a +0 chain mail (heavily wounded, 89% to hit)
The searing ray hits Harold.
Harold is heavily wounded. (Press . to maintain the ray.) Harold hits you with a +5 trident!
* * * LOW HITPOINT WARNING * * *
The searing ray hits Harold but does no damage.
Harold is heavily wounded.
Harold says, "I was hoping my final job would be more of a challenge, but money is money."
Harold hits you with a +5 trident!!
Ouch! That really hurt!
You die...
Fedhas appreciates your contribution to the ecosystem.

#.#####.# #.. .≈ #.#...#.#
#.######+#≈#+## #.....#.#
#.#.@....≈....#
#####.###.#+###.#$..?.≈.....#
......<.........#....≈......#
########........##'##.†@#
+........##..#...#
#........###.#...#
+........@@'.#...#
#........###.##### #........#
#... #........# #.....
##+#+##### #..#### #... #.###
#.#


You could see Harold.

Vanquished Creatures
  A wyvern (D:7)
  Menkaure (D:6)
  2 water moccasins
  Purgy (Sewer)
  An orc warrior (D:6)
  3 necrophages
  3 sky beasts
  3 black bears
  2 ogres
  A bullfrog (D:7)
  A wyvern zombie (D:6)
  3 scorpions
  A water moccasin zombie (D:7)
  6 killer bees (D:7)
  6 wights
  A howler monkey (D:7)
  Crazy Yiuf (D:2)
  3 orc priests
  A gnoll shaman (D:6)
  A hound (D:7)
  A bullfrog skeleton (D:5)
  A centaur skeleton (D:6)
  Jessica (D:2)
  An iguana (D:7)
  A scorpion zombie (D:5)
  4 orc wizards
  A killer bee zombie (D:7)
  3 adders
  8 gnolls
  A howler monkey skeleton (D:4)
  A shadow imp (D:5)
  2 white imps (D:6)
  An ufetubus (D:7)
  2 worms (D:2)
  5 dart slugs
  14 orcs
  9 ball pythons
  8 endoplasms
  9 goblins
  9 hobgoblins
  3 kobolds
  3 quokkas
  9 bats
  7 frilled lizards
  4 rats
150 creatures vanquished.

Vanquished Creatures (others)
  5 fulminant prisms
5 creatures vanquished.

Grand Total: 155 creatures vanquished

Notes
Turn   | Place    | Note
-------+----------+-------------------------------------------
     0 | D:1      | edearth the Felid Conjurer began the quest for the Orb.
     0 | D:1      | Reached XP level 1. HP: 7/7 MP: 4/4
   133 | D:1      | Reached skill level 3 in Stealth
   240 | D:1      | Reached XP level 2. HP: 11/11 MP: 3/6
   822 | D:1      | Reached skill level 4 in Stealth
   887 | D:1      | Found a faded altar of an unknown god.
  1022 | D:1      | Reached XP level 3. HP: 14/14 MP: 4/7
  1523 | D:2      | Learned a level 2 spell: Searing Ray
  2043 | D:2      | Noticed Jessica
  2050 | D:2      | Killed Jessica
  2051 | D:2      | Reached skill level 5 in Stealth
  2051 | D:2      | Reached XP level 4. HP: 13/18 MP: 2/8
  2147 | D:2      | Found a basalt altar of Yredelemnul.
  2277 | D:2      | Found a runed translucent door.
  2278 | D:2      | Noticed Crazy Yiuf
  2578 | D:2      | Killed Crazy Yiuf
  2788 | D:3      | Reached XP level 5. HP: 21/21 MP: 1/10
  2929 | D:3      | Reached skill level 6 in Stealth
  2935 | D:3      | Gained mutation: You are covered in thick fur. (AC +2)
                  | [Felid growth]
  2935 | D:3      | Reached XP level 6. HP: 24/24 MP: 1/12
  2958 | D:3      | Reached skill level 7 in Stealth
  3179 | D:3      | Reached skill level 5 in Dodging
  3664 | D:4      | Found Wyaradd's Weapon Shoppe.
  4365 | D:4      | Found a staircase to the Ecumenical Temple.
  4438 | D:5      | Entered Level 5 of the Dungeon
  4453 | Temple   | Entered the Ecumenical Temple
  4568 | Temple   | Became a worshipper of Fedhas Madash
  4664 | D:5      | Reached skill level 8 in Stealth
  4664 | D:5      | Reached XP level 7. HP: 16/27 MP: 2/13
  4686 | D:5      | Learned a level 2 spell: Ensorcelled Hibernation
  4696 | D:5      | Found a glowing drain.
  4752 | Sewer    | Entered a sewer
  4787 | Sewer    | Noticed Purgy
  4797 | Sewer    | Killed Purgy
  4798 | Sewer    | Reached skill level 1 in Hexes
  5497 | D:5      | Reached skill level 9 in Stealth
  5517 | D:5      | Reached * piety under Fedhas
  5774 | D:5      | Reached XP level 8. HP: 19/31 MP: 8/15
  6299 | D:6      | Reached skill level 10 in Stealth
  6559 | D:6      | Reached skill level 5 in Spellcasting
  6833 | D:6      | Reached skill level 5 in Hexes
  6916 | D:6      | Reached skill level 11 in Stealth
  7016 | D:6      | Noticed Menkaure
  7020 | D:6      | Killed Menkaure
  7313 | D:6      | Learned a level 4 spell: Fulminant Prism
  7317 | D:6      | Learned a level 3 spell: Tukima's Dance
  7336 | D:6      | Reached XP level 9. HP: 32/34 MP: 3/17
  7464 | D:6      | Found a broken altar of Ashenzari.
  7468 | D:6      | Found a basalt altar of Yredelemnul.
  7826 | D:7      | Reached ** piety under Fedhas
  8058 | D:7      | Reached skill level 12 in Stealth
  9001 | D:8      | Noticed Harold
  9005 | D:8      | Slain by Harold
  9006 | D:8      | Reached XP level 8. HP: -3/31 MP: 13/18
  9034 | D:8      | Mangled by Harold
  9035 | D:8      | Reached XP level 7. HP: -12/27 MP: 9/17
  9044 | D:8      | Mangled by Harold

Illustrated notes

Levels and vault maps discovered:
D:1:      erik_arrival_cave_to_civilisation [erik_arrival_cave_to_hall],
          layout_basic, dreamdust_ecumenical_altar_hidden_monk_grotto,
          serial_park_tiny_pond
D:2:      layout_loops_cross, basic_altar, st_stairs_4, minmay_misc_feat_rows,
          uniq_jessica, uniq_crazy_yiuf_cottage
D:3:      layout_loops_ring, dk_noncrumbling_2
D:4:      layout_gridville, minmay_temple_entry_tees, serial_shops,
          nicolae_lakefront_shop, minmay_goblin_outpost
D:5:      layout_basic, portal_sewer_entry_d, kennysheep_generic_room_16
D:6:      layout_rooms, mainiacjoe_overflow_big_doors,
          nicolae_underground_beach, uniq_menkaure
D:7:      layout_gridville, kennysheep_generic_room_14
D:8:      layout_basic, hangedman_abyss_or_decor_clamps,
          kennysheep_generic_room_6, uniq_pikel, uniq_harold, uniq_erica
Temple:   regret_index_temple_chain_breaker

Skill      XL: |  1  2  3  4  5  6  7  8  9 |
---------------+----------------------------+-----
Stealth        | 3 4 5 6 8 9 11 12 | 12.6
Dodging        | 3 4 5 6 7 8 |  8.7
Spellcasting   | 3 4 5 6 |  6.0
Hexes          | 3 5 7 |  7.2
Conjurations   | |  3.6

Action                   |  1- 3 |  4- 6 |  7- 9 || total
-------------------------+-------+-------+-------++-------
Melee: Unarmed           |    15 |    78 |    42 ||   135
       Bite              |       |     8 |     5 ||    13
 Cast: Magic Dart        |    61 |    19 |    34 ||   114
       Searing Ray       |     3 |    17 |    48 ||    68
       Ensorcelled Hiber |       |       |    25 ||    25
       Fulminant Prism   |       |       |     5 ||     5
       Tukima's Dance    |       |       |     1 ||     1
  Use: Scroll            |       |     4 |       ||     4
 Stab: Sleeping          |     3 |    10 |    16 ||    29
Armor: Skin              |       |     9 |     7 ||    16
Dodge: Dodged            |     8 |    77 |   118 ||   203

Table legend: (Time is in decaauts)
 A = Elapsed time spent in this place.
 B = Non-inter-level travel time spent in this place.
 C = Inter-level travel time spent in this place.
 D = Time resting spent in this place.
 E = Time spent auto-exploring this place.
 F = Levels seen in this place.
 G = Mean time per level.
                   A        B        C        D        E       F      G
               +--------+--------+--------+--------+--------+-----+--------+
         Total |   8071 |   7902 |    169 |    422 |   5980 |  10 |  807.1 |
       Dungeon |   7701 |   7543 |    158 |    422 |   5757 |   8 |  962.6 |
        Temple |    102 |     92 |     10 |      0 |      0 |   1 |  102.0 |
         Sewer |    267 |    267 |      0 |      0 |    222 |   1 |  267.0 |
               +--------+--------+--------+--------+--------+-----+--------+

Top non-repeatable levels by time:
     D:7: 1311 daAuts
     D:5: 1252 daAuts
     D:1: 1220 daAuts
     D:6: 1174 daAuts
     D:2: 1118 daAuts
     D:3: 785 daAuts
     D:4: 778 daAuts
   Sewer: 267 daAuts
  Temple: 102 daAuts
     D:8: 61 daAuts
